 Dungeon Crawl Stone Soup version 0.23-a0-143-g1adec7b (webtiles) character file.

111 KristoblXynda the Conjurer (level 4, 0/33 HPs)
             Began as a Draconian Conjurer on Sept 2, 2018.
             Slain by Crazy Yiuf
             ... wielding a +3 quarterstaff of chaos
              (4 damage)
             ... on level 2 of the Dungeon.
             The game lasted 00:04:21 (2138 turns).

KristoblXynda the Conjurer (Draconian Conjurer)     Turns: 2138, Time: 00:04:21

Health: 0/33       AC:  5    Str: 10    XL:     4   Next: 62%
Magic:  5/9        EV:  6    Int: 17    God:
Gold:   66         SH:  0    Dex: 11    Spells: 6/10 levels left

rFire    . . .     SeeInvis .   d - +0 whip
rCold    . . .     Gourm    .   (no shield)
rNeg     . . .     Faith    .   (armour unavailable)
rPois    .         Spirit   .   (helmet restricted)
rElec    .         Reflect  .   (no cloak)
rCorr    .         Harm     .   (no gloves)
MR       .....                  (no boots)
Stlth    ++........             (no amulet)
HPRegen  0.11/turn              (no ring)
MPRegen  0.11/turn              (no ring)

@: petrifying (expiring), flying, drained, very slow
A: unfitting armour, cold-blooded, AC +5
a: no special abilities


You were on level 2 of the Dungeon.
You were not hungry.

You visited 1 branch of the dungeon, and saw 2 of its levels.

You collected 66 gold pieces.

Inventory:

Hand Weapons
 d - a +0 whip (weapon)
Scrolls
 a - a scroll of enchant weapon {unknown}
 c - a scroll of enchant armour {unknown}
 e - 6 scrolls of remove curse {unknown}
 g - a scroll of teleportation {unknown}
 i - a scroll of magic mapping {unknown}
 k - a scroll of random uselessness {unknown}
Potions
 j - a potion of lignification {unknown}
Comestibles
 b - 4 rations


   Skills:
 - Level 1.7(1.4) Dodging
 - Level 1.7(1.4) Stealth
 + Level 3.5(3.1) Spellcasting
 + Level 5.1(4.7) Conjurations


You had 6 spell levels left.
You knew the following spells:

 Your Spells              Type           Power        Failure   Level  Hunger
a - Magic Dart            Conj           ###.         2%          1    None
b - Dazzling Spray        Conj/Hex       ##....       21%         3    ###....

Your spell library contained the following spells:

 Spells                   Type           Power        Failure   Level  Hunger
 Searing Ray              Conj           ###...       3%          2    ##.....
 Iskenderun's Mystic Bla  Conj           ###.....     24%         4    ####...
 Force Lance              Conj/Tloc      ##......     54%         4    ####...
 Fulminant Prism          Conj/Hex       ##........   54%         4    ####...


Dungeon Overview and Level Annotations

Branches:
Dungeon (2/15)

Altars:
Kikubaaqudgha
Nemelex Xobeh

Annotations:
D:2 Crazy Yiuf


Innate Abilities, Weirdness & Mutations

Your plain brown scales are hard. (AC +5)
You cannot fit into any form of body armour.
You are cold-blooded and may be slowed by cold attacks.


Message History

Crazy Yiuf is almost dead.
Crazy Yiuf is no longer blind.
Crazy Yiuf hits you with a quarterstaff of chaos!
* * * LOW HITPOINT WARNING * * *
Crazy Yiuf burns you.
* * * LOW HITPOINT WARNING * * *
Crazy Yiuf yells, "Whippet sizzlefizz blue!"
Crazy Yiuf says, "Announcement rumpyflump wrapper!"
It was a potion of curing.
You feel better.
Crazy Yiuf whimpers, "Earwax ladder sanguine!"
Crazy Yiuf hits you with a quarterstaff of chaos!
* * * LOW HITPOINT WARNING * * *
You are slowing down.
Your limbs are stiffening.
Unknown command.
It was a potion of flight.
You feel very buoyant.
You fly up into the air.
Crazy Yiuf hits you with a quarterstaff of chaos.
You die...

#####
#####...##
#........##
#.####)@..#
#.# #.g..#
#.# ♣PP.P♣
#.# ♣♣P..♣
#.# ♣♣.♣♣ ##
#.# ♣♣.♣
.#########.#
♣.♣♣
...........#
♣♣.♣
.#########.#
♣.♣♣
##########


You could see Crazy Yiuf.

Vanquished Creatures
  A vampire bat (D:2)
  A worker ant (D:2)
  A worm (D:2)
  2 dart slugs (D:1)
  5 bats
  4 bat skeletons (D:2)
  2 bat zombies (D:2)
  2 giant cockroaches (D:1)
  3 goblins
  9 hobgoblins
  4 kobolds
  3 frilled lizards (D:2)
  3 rats
  A fungus (D:2)
41 creatures vanquished.

Notes
Turn   | Place    | Note
-------+----------+-------------------------------------------
     0 | D:1      | KristoblXynda the Draconian Conjurer began the quest for
                  | the Orb.
     0 | D:1      | Reached XP level 1. HP: 14/14 MP: 3/3
   569 | D:1      | Reached XP level 2. HP: 20/20 MP: 1/5
   706 | D:1      | Found a sparkling altar of Nemelex Xobeh.
  1058 | D:2      | Reached XP level 3. HP: 26/26 MP: 5/7
  1063 | D:2      | Learned a level 3 spell: Dazzling Spray
  1913 | D:2      | Found an ancient bone altar of Kikubaaqudgha.
  1918 | D:2      | Reached XP level 4. HP: 32/33 MP: 8/8
  1934 | D:2      | Reached skill level 5 in Conjurations
  2116 | D:2      | Found a runed door.
  2120 | D:2      | Noticed Crazy Yiuf
  2138 | D:2      | Slain by Crazy Yiuf

Vault maps used:
D:1:      dpeg_arrival_orchard, nemelex_altar_shiori
D:2:      lemuel_upstairs_altar, kennysheep_vampire_church,
          uniq_crazy_yiuf_cottage

Skill      XL: |  1  2  3  4 |
---------------+-------------+-----
Spellcasting   | 3 |  3.5
Conjurations   | 5 |  5.1
Dodging        | |  1.7
Stealth        | |  1.7

Action                   |  1- 3 |  4- 6 || total
-------------------------+-------+-------++-------
Melee: Dagger            |    16 |       ||    16
       Tailslap          |     5 |     5 ||    10
       Whip              |    39 |    33 ||    72
 Cast: Magic Dart        |    48 |    10 ||    58
       Dazzling Spray    |       |     1 ||     1
  Use: Potion            |       |     2 ||     2
 Stab: Invisible         |       |     1 ||     1
  Eat: Chunk             |     2 |       ||     2
       Ration            |     1 |       ||     1
Armor: Skin              |    17 |    25 ||    42
Dodge: Dodged            |    42 |    51 ||    93

Table legend:
 A = Non-vault XP
 B = Vault XP
 C = Vault XP percentage of total XP
 D = Non-vault monster count
 E = Vault monster count
 F = Vault count percentage of total count
                 A         B        C        D         E       F
            +---------+---------+-------+---------+---------+-------
      Total |      92 |      67 |  42.1 |      33 |       7 |  17.5
            +---------+---------+-------+---------+---------+-------
        D:1 |      40 |       0 |   0.0 |      20 |       0 |   0.0
        D:2 |      52 |      67 |  56.3 |      13 |       7 |  35.0
            +---------+---------+-------+---------+---------+-------
